 Dungeon Crawl Stone Soup version 0.19-a0-459-gb8ed64d (webtiles) character file.

43 Duffy the Gusty (level 3, 21/21 HPs)
             Began as a High Elf Air Elementalist on June 2, 2016.
             Quit the game on level 2 of the Dungeon.
             The game lasted 00:01:20 (939 turns).

Duffy the Gusty (High Elf Air Elementalist)          Turns: 939, Time: 00:01:21

Health: 21/21      AC:  2    Str:  8    XL:     3   Next: 37%
Magic:  8/8        EV: 13    Int: 18    God:
Gold:   17         SH:  0    Dex: 16    Spells: 1 memorised, 6 levels left

rFire  . . .     SeeInvis .     (no weapon)
rCold  . . .     Gourm    .     a - +0 robe
rNeg   . . .     Faith    .     (no shield)
rPois  .         Spirit   .     (no helmet)
rElec  .         Dismiss  .     (no cloak)
rCorr  .         Reflect  .     (no gloves)
SustAt .         Harm     .     (no boots)
MR     .....                    (no amulet)
Stlth  ++........               (no ring)
                                (no ring)

@: not resistant to hostile enchantments, unstealthy
A: no striking features
a: no special abilities


You were on level 2 of the Dungeon.
You were not hungry.

You visited 1 branch of the dungeon, and saw 2 of its levels.

You collected 17 gold pieces.


   Skills:
 - Level 2.6 Dodging
 - Level 2.9 Stealth
 - Level 2.8 Spellcasting
 + Level 1.9 Conjurations
 - Level 3.9 Air Magic


You had 6 spell levels left.
You knew the following spells:

 Your Spells              Type           Power        Failure   Level  Hunger
a - Shock                 Conj/Air       ##..         6%          1    None

Inventory:

Armour
 a - a +0 robe (worn)
Scrolls
 f - a scroll of teleportation {unknown}
 g - a scroll of enchant armour {unknown}
 h - a scroll of magic mapping {unknown}
 j - a scroll of remove curse {unknown}
Potions
 e - 2 potions of curing {unknown}
Books
 b - a book of Air
Comestibles
 c - 2 bread rations
 d - a meat ration
 i - 2 chunks of flesh

Dungeon Overview and Level Annotations

Branches:
Dungeon (2/15)

Altars:


Message History

You start resting.
Natasha barely misses you.
Cast which spell? (? or * to list)
Aiming: Shock
Press: ? - help, Shift-Dir - straight line
Okay, then.
Cast which spell? (? or * to list)
Aiming: Shock
Press: ? - help, Shift-Dir - straight line The zap hits Natasha.
Natasha is moderately wounded.
The zap misses Natasha.
Natasha closely misses you.
Cast which spell? (? or * to list)
Aiming: Shock
Press: ? - help, Shift-Dir - straight line The zap hits Natasha.
Natasha is severely wounded.
The zap hits Natasha.
Natasha is severely wounded.
Natasha barely misses you.
Cast which spell? (? or * to list)
Aiming: Shock
Press: ? - help, Shift-Dir - straight line The zap hits Natasha.
Natasha is almost dead.
The zap hits Natasha.
You kill Natasha!
Natasha screams in fury as she dies!
You have reached level 3!
Your experience leads to an increase in your attributes!
Increase (S)trength, (I)ntelligence, or (D)exterity?
You feel stronger.
You feel agile.
You see here the felid corpse of Natasha.
You butcher the felid corpse of Natasha.
i - 2 chunks of flesh You start resting.
Magic restored.
HP restored. (m)acro, (M)acro raw, keymap [(k) default, (x) level-map, (t)argeting, (c)onfirm, m(e)nu], (s)ave?
Input macro trigger key: 1 Current Action: za.
Do you wish to (r)edefine, (c)lear, or (a)bort?
Cleared macro '1' => 'za.'. (m)acro, (M)acro raw, keymap [(k) default, (x) level-map, (t)argeting, (c)onfirm, m(e)nu], (s)ave?
Saving macros.
You see here a bat skeleton.
There is a stone staircase leading down here.
You now have 17 gold pieces (gained 6).
j - a scroll labeled PAGEHE XUEG Are you sure you want to abandon this character and quit the game? (Confirm with "yes".)

### #@# #.#
# #.# #. #.#
#..#.#######
#.#.##....#
#[.......##
#.......[.#
#........##


There were no monsters in sight!

Action                   || total
-------------------------++-------
 Cast: Shock             ||    30
Armor: Robe              ||     1
Dodge: Dodged            ||    12

Notes
Turn   | Place    | Note
--------------------------------------------------------------
     0 | D:1      | Duffy the High Elf Air Elementalist began the quest for the Orb.
     0 | D:1      | Reached XP level 1. HP: 11/11 MP: 4/4
    13 | D:1      | Reached XP level 2. HP: 9/17 MP: 1/6
   635 | D:1      | You fall through a shaft!
   697 | D:2      | Noticed Natasha
   712 | D:2      | Killed Natasha
   712 | D:2      | Reached XP level 3. HP: 7/21 MP: 4/8
   939 | D:2      | Quit the game

Vault maps used:
D:1:      dpeg_arrival_fog, corexii_corridor_pit
D:2:      serial_curves, eino_curves_01, eino_curves_04, first_bread,
          uniq_natasha

Vanquished Creatures
  Natasha
  An adder
  A giant gecko
  5 hobgoblins
  2 bats
  A kobold
11 creatures vanquished.
